 Dungeon Crawl Stone Soup version 0.17.0-28-g6e173f8 (webtiles) character file.

116 veneficus the Conjurer (level 4, -1/24 HPs)
             Began as a Deep Elf Conjurer on Dec 1, 2015.
             Slain by Grinder (2 damage)
             ... on level 3 of the Dungeon.
             The game lasted 00:11:55 (2310 turns).

veneficus the Conjurer (Deep Elf Conjurer)          Turns: 2310, Time: 00:11:56

Health: -1/24      AC:  2    Str:  6    XL:     4   Next: 69%
Magic:  1/10       EV: 13    Int: 20    God:
Gold:   142        SH:  0    Dex: 15    Spells: 2 memorised, 6 levels left

rFire  . . .     SeeInvis .     g - +6 club
rCold  . . .     Clarity  .     p - +0 robe
rNeg   . . .     SustAt   .     (no shield)
rPois  .         Gourm    .     (no helmet)
rElec  .         Spirit   .     (no cloak)
rCorr  .         Warding  .     (no gloves)
rMut   .         Stasis   .     (no boots)
MR     .....                    (no amulet)
Stlth  ++........               (no ring)
                                (no ring)

@: not resistant to hostile enchantments, unstealthy
A: no striking features
a: no special abilities


You were on level 3 of the Dungeon.
You were not hungry.

You visited 1 branch of the dungeon, and saw 4 of its levels.

You collected 142 gold pieces.

Inventory:

Hand Weapons
 g - a +6 club (weapon)
 i - a cursed +0 dagger
Armour
 p - a +0 robe (worn)
Scrolls
 d - a scroll of recharging
 e - a scroll of enchant armour {unknown}
 j - 2 scrolls of identify
Potions
 a - 2 potions of curing
 o - a potion of mutation
Books
 b - a book of Conjurations

   Spells                             Type                      Level
   a - Magic Dart                     Conjuration                  1
   b - Searing Ray                    Conjuration                  2
   c - Dazzling Spray                 Conjuration/Hexes            3
   d - Fulminant Prism                Conjuration/Hexes            4
   e - Iskenderun's Mystic Blast      Conjuration                  4
   f - Iskenderun's Battlesphere      Conjuration/Charms           5
 l - a book of Dreams

   Spells                             Type                      Level
   a - Ensorcelled Hibernation        Hexes/Ice                    2
   b - Phase Shift                    Translocation                5
   c - Shadow Creatures               Summoning                    5
   d - Silence                        Hexes/Air                    5
   e - Darkness                       Hexes                        6
   f - Mass Confusion                 Hexes                        6
Comestibles
 c - 4 bread rations
 f - a slice of pizza
 k - 2 meat rations
 n - 4 fruits


   Skills:
 + Level 2.6 Dodging
 - Level 2.4 Stealth
 - Level 3.0 Spellcasting
 * Level 6.6 Conjurations


You had 6 spell levels left.
You knew the following spells:

 Your Spells              Type           Power        Failure   Level  Hunger
a - Magic Dart            Conj           ####         1%          1    None
b - Searing Ray           Conj           ####..       1%          2    ##.....


Dungeon Overview and Level Annotations

Branches:
Dungeon (4/15)
 Temple: D:4-7

Altars:
Yredelemnul
The Shining One

Annotations:
D:3 Grinder, Terence


Message History

Aim: Grinder (moderately wounded)
The searing ray misses Grinder.
Casting: Searing Ray
Confirm with . or Enter, or press ? or * to list all spells.
Aiming: Searing Ray
Press: ? - help, Shift-Dir - straight line, f/p - Grinder
Aim: Grinder (moderately wounded)
The searing ray hits Grinder.
Grinder is heavily wounded.
Grinder hits you.
* * * LOW HITPOINT WARNING * * *
You writhe in agony.
* * * LOW HITPOINT WARNING * * *
You closely miss Grinder.
Grinder is heavily wounded.
Grinder completely misses you.
You hit Grinder.
Grinder is heavily wounded.
Grinder hits you.
You die...

###...##5# ########
#...##.# #......#
#...##.# #.#..#.#
######)# #<#..#
#.##.###..# #
#†#.......#.#
#.######....#.##
######.......÷.......
#.......)..5@.........
#.....................
#.....................
#.....................
#.....................
#.....................
#.....................
....................


You could see Grinder.

Vanquished Creatures
  Jessica (D:3)
  5 adders
  A worm (D:2)
  A giant gecko (D:3)
  5 goblins
  8 hobgoblins
  2 bats (D:2)
  6 giant cockroaches
  2 giant newts
  10 kobolds
  6 rats
47 creatures vanquished.

Notes
Turn   | Place    | Note
--------------------------------------------------------------
     0 | D:1      | veneficus the Deep Elf Conjurer began the quest for the Orb.
     0 | D:1      | Reached XP level 1. HP: 10/10 MP: 6/6
   394 | D:1      | Reached XP level 2. HP: 6/15 MP: 2/8
   437 | D:1      | Reached skill level 5 in Conjurations
  1091 | D:2      | Found a faded altar to an unknown god.
  1136 | D:2      | Reached XP level 3. HP: 19/19 MP: 4/9
  1339 | D:2      | Learned a level 2 spell: Searing Ray
  1454 | D:2      | Found a glowing golden altar of the Shining One.
  1598 | D:2      | Reached skill level 6 in Conjurations
  1646 | D:3      | Noticed Jessica
  1648 | D:3      | Killed Jessica
  1648 | D:3      | Reached XP level 4. HP: 24/24 MP: 4/10
  1727 | D:3      | Noticed Terence
  1801 | D:4      | Found a basalt altar of Yredelemnul.
  2057 | D:3      | Noticed Grinder
  2308 | D:3      | HP: 1/24 [Grinder (5)]
  2310 | D:3      | Slain by Grinder

Action                   |  1- 3 |  4- 6 || total
-------------------------+-------+-------++-------
Melee: Club              |       |     2 ||     2
 Cast: Magic Dart        |    60 |    42 ||   102
       Searing Ray       |     1 |     5 ||     6
  Use: Scroll            |     4 |     3 ||     7
       Potion            |       |     2 ||     2
  Eat: Chunk             |     2 |     2 ||     4
